 Dungeon Crawl Stone Soup version 0.24-a0-458-gfcb5e6da0e (webtiles) character file.

Game seed: 5263223243420790140

105548 Mrkan the Warrior (level 16, -1/111 HPs)
             Began as a Gargoyle Fighter on June 26, 2019.
             Was an Initiate of Gozag.
             Slain by Donald
             ... wielding a +2 eveningstar of holy wrath
              (20 damage)
             ... on level 2 of the Swamp on June 27, 2019.
             The game lasted 01:09:30 (25122 turns).

Mrkan the Warrior (Gargoyle Fighter)               Turns: 25122, Time: 01:09:31

Health: -1/111     AC: 33    Str: 24    XL:     16   Next: 41%
Magic:  17/17      EV: 10    Int:  9    God:    Gozag
Gold:   3651       SH: 21    Dex: 12    Spells: 15/15 levels left

rFire    + . .     SeeInvis +   z - +5 morningstar (freeze)
rCold    + + .     Gourm    .   c - +3 shield
rNeg     + . .     Faith    .   v - +0 plate armour
rPois    ∞         Spirit   .   r - +2 hat
rElec    +         Reflect  +   S - scarf {rC+ rF+}
rCorr    .         Harm     .   h - +2 pair of gloves
MR       ++...                  a - +0 pair of boots
Stlth    ..........             U - +4 amulet of reflection (curse)
HPRegen  0.28/turn              y - ring of protection from cold
MPRegen  0.15/turn              H - ring of protection from magic

@: berserk cooldown, flying, slowed, very slow
A: big wings, see invisible, high mp 1, negative energy resistance 1,
electricity resistance, unbreathing, petrification resistance, rot immunity, AC
+12
a: Stop Flying, Potion Petition, Call Merchant, Bribe Branch, Renounce Religion


You were on level 2 of the Swamp.
You worshipped Gozag.
Gozag was most pleased with you.
You were not hungry.

You visited 5 branches of the dungeon, and saw 26 of its levels.

You collected 8494 gold pieces.
You spent 745 gold pieces at shops.
You paid 4098 gold pieces to Gozag.

Inventory:

Hand Weapons
 z - a +5 morningstar of freezing (weapon)
 J - the cursed +1 morningstar of the Valley {venom, rF+ MR+ Int+4}
   (You found it on level 10 of the Dungeon)

   It poisons the flesh of those it strikes.
   It affects your intelligence (+4).
   It protects you from fire.
   It affects your resistance to hostile enchantments.
   It has a curse placed upon it.
Armour
 a - a +0 pair of boots (worn)
 c - a +3 shield (worn)
 h - a +2 pair of gloves (worn)
 r - a +2 hat (worn)
 v - a +0 plate armour (worn)
 N - the +0 chain mail "Sonlappe" {rF++}
   (You found it on level 10 of the Dungeon)

   It greatly protects you from fire.
 S - a scarf of resistance (worn)
Jewellery
 e - an uncursed ring of ice
 t - a +5 ring of intelligence
 y - a ring of protection from cold (left hand)
 H - a ring of protection from magic (right hand)
 L - the ring "Zyam Butau" {rPois rF+ Int+3}
   (You bought it in a shop on level 2 of the Orcish Mines)

   [ring of protection from fire]

   It affects your intelligence (+3).
   It protects you from fire.
   It protects you from poison.
 M - an uncursed ring of fire {unknown}
 T - an uncursed ring of resist corrosion
 U - a cursed +4 amulet of reflection (around neck)
Wands
 b - a wand of digging (4)
 m - a wand of scattershot (5)
 n - a wand of iceblast (31)
 o - a wand of flame (14)
 p - a wand of paralysis (12)
 K - a wand of enslavement (9)
 P - a wand of clouds (8)
 R - a wand of acid (6)
Scrolls
 j - a scroll of identify
 q - 7 scrolls of teleportation
 A - 3 scrolls of enchant armour
 E - 11 scrolls of remove curse
 G - 2 scrolls of amnesia
 I - 2 scrolls of blinking
 Q - 5 scrolls of fear
 V - a scroll of fog {unknown}
 W - 2 scrolls of magic mapping
Potions
 d - 4 potions of haste
 g - 5 potions of magic
 i - a potion of might
 k - a potion of cancellation {unknown}
 l - 6 potions of lignification
 s - 2 potions of berserk rage
 u - 4 potions of brilliance
 w - 4 potions of agility
 B - a potion of ambrosia
 C - 6 potions of curing
 F - 3 potions of mutation
 O - 2 potions of resistance
Miscellaneous
 x - a sack of spiders
 D - a box of beasts
Comestibles
 f - 26 rations


   Skills:
 + Level 16.6 Fighting
 - Level 16.0 Maces & Flails
 - Level 10.1 Armour
 * Level 6.8 Dodging
 - Level 15.0 Shields


You had 15 spell levels left.
You didn't know any spells.
Your spell library contained the following spells:

 Spells                   Type           Power        Failure   Level  Hunger
 Animate Skeleton         Necr           N/A          99%         1    ##.....
 Corona                   Hex            #......      99%         1    ##.....
 Flame Tongue             Conj/Fire      #....        99%         1    ##.....
 Magic Dart               Conj           #...         99%         1    ##.....
 Pain                     Necr           #...         99%         1    ##.....
 Summon Butterflies       Summ           #.......     99%         1    ##.....
 Blink                    Tloc           N/A          100%        2    ###....
 Call Imp                 Summ           #.......     100%        2    ###....
 Ensorcelled Hibernation  Hex/Ice        #.....       100%        2    ###....
 Slow                     Hex            #.......     100%        2    ###....
 Throw Flame              Conj/Fire      #.....       100%        2    ###....
 Call Canine Familiar     Summ           #.......     100%        3    ####...
 Confuse                  Hex            #.......     100%        3    ####...
 Conjure Flame            Conj/Fire      #.......     100%        3    ####...
 Dazzling Spray           Conj/Hex       #.....       100%        3    ####...
 Inner Flame              Hex/Fire       #.......     100%        3    ####...
 Mephitic Cloud           Conj/Pois/Air  #.......     100%        3    ####...
 Recall                   Summ/Tloc      N/A          100%        3    ####...
 Regeneration             Chrm/Necr      #.........   100%        3    ####...
 Tukima's Dance           Hex            #.......     100%        3    ####...
 Vampiric Draining        Necr           #.........   100%        3    ####...
 Animate Dead             Necr           N/A          100%        4    #####..
 Ice Form                 Ice/Tmut       #.......     100%        4    #####..
 Sticky Flame             Conj/Fire      #.......     100%        4    #####..
 Summon Ice Beast         Ice/Summ       #.......     100%        4    #####..
 Borgnjor's Vile Clutch   Necr/Erth      #.........   100%        5    ######.
 Fireball                 Conj/Fire      #.........   100%        5    ######.
 Metabolic Englaciation   Hex/Ice        #.........   100%        5    ######.
 Summon Mana Viper        Hex/Summ       #.......     100%        5    ######.
 Bolt of Cold             Conj/Ice       #.........   100%        6    #######
 Death Channel            Necr           #.........   100%        6    #######
 Freezing Cloud           Conj/Ice/Air   #.........   100%        6    #######
 Ozocubu's Refrigeration  Ice            #.........   100%        6    #######
 Simulacrum               Ice/Necr       #.........   100%        6    #######
 Summon Hydra             Summ           #.........   100%        7    #######


Dungeon Overview and Level Annotations

Branches:
Dungeon (15/15)            Temple (0/1) D:7            Lair (6/6) D:10
  Swamp (2/4) Lair:2       Spider (1/4) Lair:2        Slime (0/5) Lair:6
    Orc (2/2) D:12            Elf (0/3) Orc:2        Vaults (0/5) D:13
 Depths (0/5) D:15

Altars:
Ashenzari
Dithmenos
Elyvilon
Fedhas
Gozag
Hepliaklqana
Kikubaaqudgha
Qazlal
Sif Muna
Trog
Uskayaw
Wu Jian
Xom
Zin
The Shining One
Jiyva

Shops:
D:7 (   D:8 !   D:11 *   Orc:2 *[=!*

Annotations:
D:2 2 transporters
Lair:1 exclusion: oklob plant
Lair:2 2 transporters, Ykeeg's ghost, journeyman NaFi
Lair:5 3 runed translucent doors, PeterQ's ghost, journeyman GnAs
Swamp:2 Donald


Innate Abilities, Weirdness & Mutations

You are resistant to torment.
Your stone body is resilient. (AC +12)
You are immune to poison.
Your large and strong wings let you fly indefinitely.
You resist negative energy. (rN+)
You are resistant to electric shocks. (rElec)
You can survive without breathing.
You are immune to petrification.
You are immune to rotting.
You have supernaturally acute eyesight. (SInv)
You have an increased reservoir of magic. (+10% MP)


Message History

A tyrant leech and a shadow come into view.
Found 18 stones and 18 gold pieces.
Found a stone staircase leading down.
There is a stone staircase leading up here.
You block Donald's attack.
The tyrant leech bites you but does no damage.
Donald says, "That buzzing noise?
I hate that the most."
You block Donald's attack.
A swamp dragon comes into view.
The swamp dragon roars deafeningly!
Donald says, "What do potions have to do with a god of gold, anyway?"
You block Donald's attack.
The tyrant leech bites you but does no damage.
You block Donald's attack.
The shadow slips into darkness.
The shadow flickers and vanishes for a moment.
Donald no longer looks unusually strong.
Donald says, "Why would someone put a sword in a little box?"
Donald hits you with a +2 eveningstar of holy wrath!!
You die...
Your body crumbles into a pile of gold.

♣.♣♣
♣♣♣♣..♣♣♣♣♣♣≈≈♣♣
♣♣♣≈≈...≈♣♣...≈≈.♣♣
....≈≈≈≈.≈♣..≈≈≈.≈♣
...≈≈≈≈≈..≈..≈≈..≈♣
≈≈(≈≈≈≈......≈≈≈.§♣
≈≈..≈W≈.≈≈≈≈≈≈≈≈.♣
♣.≈.<≈≈≈≈≈≈≈≈≈♣
♣.≈..≈≈≈@@≈≈.♣
♣♣..≈≈≈.≈≈..♣♣
♣...≈$w..§..♣
♣..≈≈≈.≈.≈≈.≈♣
♣....≈....≈.≈♣
♣♣♣♣♣...≈≈...≈§
♣♣♣♣..D.≈♣♣≈
♣♣♣...≈. .≈≈≈≈


You could see Donald, a swamp dragon, a tyrant leech and a shadow (invisible).

Vanquished Creatures
  Jorgrun (Swamp:1)
  3 emperor scorpions (Spider:1)
  2 entropy weavers (Spider:1)
  Snorg (Lair:6)
  A fire dragon (Lair:6)
  Josephine (Lair:5)
  2 ogre magi
  2 ice dragons (D:15)
  Fannar (D:10)
  4 vault guards (D:13)
  6 hydras
  2 catoblepae
  5 centaur warriors
  4 two-headed ogres
  2 alligators (Swamp:1)
  An orc high priest (Orc:1)
  4 skeletal warriors (D:14)
  3 swamp dragons
  4 unseen horrors
  Pikel (D:7)
  3 orc knights
  A wolf spider zombie (D:13)
  A deep elf mage (D:15)
  3 orc sorcerers (Orc:1)
  An orb spider (Spider:1)
  3 ugly things (D:14)
  8 wolf spiders
  6 cyclopes
  A manticore (D:15)
  11 centaur zombies
  A guardian serpent (Lair:6)
  10 spiny frogs
  8 black mambas
  A gargoyle (D:10)
  A spiny frog (shapeshifter) (D:15)
  5 rime drakes
  10 komodo dragons
  An efreet (D:14)
  4 demonic crawlers (Spider:1)
  A kobold demonologist (D:13)
  A rime drake (shapeshifter) (D:14)
  7 jumping spiders
  A polar bear (Lair:3)
  7 trolls
  A tyrant leech (Swamp:1)
  11 hornets
  Prince Ribbit (Lair:2)
  5 hippogriffs
  6 dream sheep (Lair:6)
  2 blink frogs (Lair:2)
  A meliai zombie (D:10)
  8 tarantellas (Spider:1)
  21 redbacks
  A shadow (D:15)
  A spriggan (D:10)
  14 wyverns
  2 vampires (D:13)
  19 yaks
  5 wraiths
  8 basilisks
  Grum (D:10)
  2 hungry ghosts (D:10)
  14 vampire mosquitoes
  A steam dragon (Lair:6)
  4 insubstantial wisps (Swamp:1)
  3 soldier ants
  3 wargs (D:10)
  18 water moccasins
  2 acid dragons (Lair:6)
  8 porcupines
  2 black bears
  30 orc warriors
  2 swamp drakes
  3 sky beasts
  5 ice beasts
  A slave (D:7)
  An eye of draining (D:9)
  2 phantoms
  24 centaurs
  18 ogres
  5 boggarts (D:14)
  21 wolves
  12 crocodiles
  5 big kobolds
  24 bullfrogs
  A wyvern zombie (D:14)
  4 scorpions
  8 killer bees
  5 howler monkeys
  10 wights
  2 electric eels (D:10)
  2 lava snakes (D:9)
  2 bullfrog zombies
  14 crimson imps
  2 quasits
  5 jellies
  A gnoll shaman (D:3)
  4 hounds
  4 centaur skeletons
  14 orc priests
  4 bullfrog skeletons
  5 iguanas
  24 orc wizards
  7 worker ants
  A hound skeleton (D:4)
  3 gnolls (D:3)
  9 adders
  7 shadow imps
  2 oozes
  An adder zombie (D:6)
  2 adder skeletons
  7 worms
  4 dart slugs
  6 leopard geckos
  77 orcs
  6 giant cockroaches
  5 goblins
  8 hobgoblins
  13 jackals
  9 quokkas
  8 bats
  4 frilled lizards
  31 kobolds
  9 rats
  A bush (D:9)
  3 fungi
  4 plants
801 creatures vanquished.

Vanquished Creatures (others)
  A centaur warrior (D:13)
  An orb spider (Spider:1)
  A cyclops (D:15)
  A slave (D:7)
  A centaur (D:13)
  2 orcs (Orc:2)
  3 fungi
  4 plants
14 creatures vanquished.

Grand Total: 815 creatures vanquished

Notes
Turn   | Place    | Note
-------+----------+-------------------------------------------
     0 | D:1      | Mrkan the Gargoyle Fighter began the quest for the Orb.
     0 | D:1      | Reached XP level 1. HP: 14/14 MP: 1/1
    79 | D:1      | Reached XP level 2. HP: 18/19 MP: 2/2
   465 | D:1      | Reached XP level 3. HP: 23/23 MP: 3/3
   733 | D:2      | Noticed a black bear
   865 | D:2      | Found an ornate altar of the Wu Jian Council.
   865 | D:2      | Found a transporter.
   874 | D:2      | Found a transporter.
   947 | D:2      | Reached XP level 4. HP: 26/29 MP: 4/4
  1151 | D:2      | Reached XP level 5. HP: 33/33 MP: 5/5
  1477 | D:3      | Found a faded altar of an unknown god.
  1569 | D:3      | Found a hide-covered altar of Uskayaw.
  2366 | D:4      | Reached XP level 6. HP: 38/39 MP: 6/6
  2513 | D:4      | Reached skill level 5 in Maces & Flails
  2584 | D:4      | Reached skill level 5 in Fighting
  2584 | D:4      | Reached skill level 5 in Shields
  2584 | D:4      | Reached XP level 7. HP: 37/44 MP: 7/7
  3005 | D:4      | Found a bloodstained altar of Trog.
  3145 | D:5      | Entered Level 5 of the Dungeon
  3377 | D:5      | Reached XP level 8. HP: 29/51 MP: 8/8
  3960 | D:6      | Found a shattered altar of Ashenzari.
  4530 | D:6      | Found a hazy altar of Hepliaklqana.
  4608 | D:6      | Found an opulent altar of Gozag.
  4616 | D:6      | Became a worshipper of Gozag Ym Sagoz the Greedy
  4897 | D:7      | Reached XP level 9. HP: 53/56 MP: 9/9
  5083 | D:7      | Noticed Pikel
  5125 | D:7      | Killed Pikel
  5390 | D:7      | Found a glowing silver altar of Zin.
  5394 | D:7      | Found a white marble altar of Elyvilon.
  5404 | D:7      | Found a shadowy altar of Dithmenos.
  5486 | D:7      | Found a staircase to the Ecumenical Temple.
  5880 | D:7      | Found Jacunt's Weapon Shop.
  6133 | D:8      | Found a shimmering altar of Xom.
  6135 | D:8      | Found a glowing golden altar of the Shining One.
  6135 | D:8      | Found a blossoming altar of Fedhas.
  6162 | D:8      | Found a white marble altar of Elyvilon.
  6162 | D:8      | Found a shimmering altar of Xom.
  6162 | D:8      | Found an ornate altar of the Wu Jian Council.
  6403 | D:8      | Found Weofiatu's Distillery.
  6433 | D:8      | Bought a potion of mutation for 88 gold pieces
  6433 | D:8      | Bought a potion of curing for 33 gold pieces
  6433 | D:8      | Bought a potion of curing for 33 gold pieces
  6612 | D:8      | Reached skill level 10 in Maces & Flails
  6612 | D:8      | Reached XP level 10. HP: 64/64 MP: 10/10
  7209 | D:9      | Found a hazy altar of Hepliaklqana.
  7332 | D:9      | Found an ancient bone altar of Kikubaaqudgha.
  7614 | D:9      | Found a blossoming altar of Fedhas.
  7618 | D:9      | Found a stormy altar of Qazlal.
  8284 | D:10     | Entered Level 10 of the Dungeon
  8301 | D:10     | Noticed Fannar
  8336 | D:10     | Killed Fannar
  8391 | D:10     | Reached XP level 11. HP: 56/71 MP: 11/11
  8459 | D:10     | Found a staircase to the Lair.
  8733 | D:10     | Got a fine morningstar
  8734 | D:10     | Identified the cursed +1 morningstar of the Valley {venom,
                  | rF+ MR+ Int+4} (You found it on level 10 of the Dungeon)
  8798 | D:10     | Reached skill level 10 in Fighting
  8798 | D:10     | Reached skill level 10 in Shields
  9089 | D:10     | Killed an unseen horror
  9120 | D:10     | Noticed Grum
  9157 | D:10     | Killed Grum
  9547 | Lair:1   | Entered Level 1 of the Lair of Beasts
 10015 | Lair:1   | Noticed an oklob plant
 10599 | Lair:2   | Reached XP level 12. HP: 55/79 MP: 12/12
 10712 | Lair:2   | Found a staircase to the Swamp.
 10712 | Lair:2   | Noticed a four-headed hydra
 10724 | Lair:2   | Killed a four-headed hydra
 10746 | Lair:2   | Noticed Prince Ribbit
 10834 | Lair:2   | Killed Prince Ribbit
 10987 | Lair:2   | Noticed Ykeeg's ghost (journeyman NaFi)
 11004 | Lair:2   | Found a transporter.
 11006 | Lair:2   | Found a transporter.
 11039 | Lair:2   | Noticed a catoblepas
 11044 | Lair:2   | Killed a catoblepas
 11568 | Lair:2   | Found a hole to the Spider Nest.
 12852 | Lair:4   | Noticed a five-headed hydra
 12866 | Lair:4   | Killed a five-headed hydra
 13097 | Lair:4   | You fall into a shaft and drop 1 floor!
 13114 | Lair:5   | Reached XP level 13. HP: 58/86 MP: 13/13
 13653 | Lair:5   | Noticed Josephine
 13662 | Lair:5   | Killed Josephine
 13662 | Lair:5   | Reached skill level 15 in Maces & Flails
 14096 | Lair:5   | Found a runed translucent gate.
 14097 | Lair:5   | Found a runed translucent gate.
 14097 | Lair:5   | Found a runed translucent gate.
 14100 | Lair:5   | Noticed PeterQ's ghost (journeyman GnAs)
 14227 | Lair:6   | Entered Level 6 of the Lair of Beasts
 14228 | Lair:6   | Found a staircase to the Slime Pits.
 14228 | Lair:6   | Found a viscous altar of Jiyva.
 14538 | Lair:6   | Noticed Snorg
 14546 | Lair:6   | Killed Snorg
 15392 | Lair:6   | Noticed a fire dragon
 15412 | Lair:6   | Killed a fire dragon
 15442 | Lair:6   | Gained mutation: Your large and strong wings let you fly
                  | indefinitely. [Gargoyle growth]
 15442 | Lair:6   | Reached XP level 14. HP: 54/94 MP: 14/14
 15886 | Lair:6   | Got an ancient ring mail
 16412 | D:10     | Got an encrusted chain mail
 16564 | D:10     | Identified the cursed +0 chain mail "Sonlappe" {rF++} (You
                  | found it on level 10 of the Dungeon)
 16575 | D:10     | Identified the +3 ring mail "Hiesighi" {-Cast MR+++ rCorr
                  | Str+4} (You found it on level 6 of the Lair of Beasts)
 16696 | D:11     | Reached skill level 5 in Armour
 16810 | D:11     | Found Virev's Assorted Antiques.
 17611 | D:12     | Found a staircase to the Orcish Mines.
 17664 | Orc:1    | Entered Level 1 of the Orcish Mines
 17707 | Orc:1    | Gained mutation: You are clumsy. (Dex -2) [a neqoxec]
 17980 | Orc:2    | Entered Level 2 of the Orcish Mines
 19192 | Orc:2    | Found Boerit's General Store.
 19201 | Orc:2    | Bought a cursed +4 amulet of reflection for 264 gold pieces
 19319 | Orc:2    | Found a staircase to the Elven Halls.
 19374 | Orc:2    | Found Laucein's Distillery.
 19374 | Orc:2    | Found Goluaw's Jewellery Shop.
 19376 | Orc:2    | Found Feuczat's Armour Boutique.
 19378 | Orc:2    | Found Wyekkurgh's Assorted Antiques.
 19382 | Orc:2    | Bought a potion of might for 40 gold pieces
 19390 | Orc:2    | Bought a scintillating platinum ring for 115 gold pieces
 19390 | Orc:2    | Bought a scroll of enchant armour for 172 gold pieces
 19390 | Orc:2    | Identified the ring "Zyam Butau" {rPois rF+ Int+3} (You
                  | bought it in a shop on level 2 of the Orcish Mines)
 20488 | D:13     | Found a gate to the Vaults.
 20529 | D:13     | Reached XP level 15. HP: 101/101 MP: 15/15
 21201 | D:14     | Reached skill level 15 in Fighting
 21360 | D:14     | Reached skill level 15 in Shields
 21617 | D:14     | Lost mutation: You are clumsy. (Dex -2) [potion of
                  | mutation]
 21617 | D:14     | Gained mutation: You have an increased reservoir of magic.
                  | (+10% MP) [potion of mutation]
 21617 | D:14     | Gained mutation: You have supernaturally acute eyesight.
                  | (SInv) [potion of mutation]
 21783 | D:15     | Entered Level 15 of the Dungeon
 22348 | D:15     | Reached skill level 10 in Armour
 22658 | D:15     | Reached skill level 1 in Dodging
 22824 | D:15     | Found a staircase to the Depths.
 23492 | Spider:1 | Entered Level 1 of the Spider Nest
 23668 | Spider:1 | Reached XP level 16. HP: 78/110 MP: 17/17
 24096 | Spider:1 | Reached skill level 5 in Dodging
 24411 | Spider:1 | HP: 4/111 [emperor scorpion (3)]
 24775 | Swamp:1  | Entered Level 1 of the Swamp
 24818 | Swamp:1  | Found a deep blue altar of Sif Muna.
 25013 | Swamp:1  | Noticed Jorgrun
 25026 | Swamp:1  | Killed Jorgrun
 25072 | Swamp:1  | Noticed Donald
 25122 | Swamp:2  | Slain by Donald

Levels and vault maps discovered:
D:1:      grunt_arrival_lava_bath, layout_basic
D:2:      layout_rooms, gammafunk_temple_overflow_arena,
          kennysheep_generic_room_9
D:3:      layout_basic, overflow_temple_1_default,
          chequers_ecumenical_altar_simple
D:4:      layout_cave_pools, marbit_many_paths, serial_rivers,
          chequers_serial_rivers_small_a, chequers_serial_rivers_small_3,
          chequers_serial_rivers_micro_c, chequers_serial_rivers_room_b,
          chequers_serial_rivers_large_a
D:5:      layout_basic, first_ration
D:6:      layout_basic, nicolae_overflow_hidden_temple, ashenzari_altar_1,
          basic_altar, lemuel_old_faithful
D:7:      layout_layer_cave, minmay_overflow_temple_star_quad,
          minmay_temple_entry_gardened_gates, serial_shops, shop, uniq_pikel
D:8:      layout_basic, doesnt_xom_only_xom, serial_shops, shop
D:9:      layout_basic, grunt_temple_overflow_forces_of_nature,
          kiku_gazebo_garden_becter, basic_altar, kennysheep_generic_room_2
D:10:     layout_roguey, erik_lair_orcish_takeover, grunt_pizzeria,
          serial_bayou_ford_a, evilmike_minifort, uniq_grum, uniq_fannar
D:11:     layout_basic, serial_shops, nicolae_shop_overgrown_old_shop
D:12:     layout_rooms, erik_orc_1
D:13:     layout_irregular_city, lightli_vaults_fourway_checkpoint
D:14:     layout_roguey, minmay_misc_feat_diagonals
D:15:     grunt_enter_depths_hoard, layout_grid_maze, minivault_25
Lair:1:   layout_regular_city, beast_lair_carwin_7, lemuel_fruit_tree,
          serial_bayou_shore_b, grunt_megastairs_2, lemuel_fruit_fields,
          lemuel_fruit_fields
Lair:2:   layout_regular_city, minmay_swamp_entry_reptiles,
          spider_nest_entry_funnel_web, gammafunk_ghost_hive, minivault_11,
          serial_bayou_crossing, uniq_prince_ribbit2
Lair:3:   layout_roguey, patterned_corridor
Lair:4:   layout_gridlike
Lair:5:   layout_loops_ring, ebering_ghost_rock_garden, uniq_josephine
Lair:6:   guppyfry_lair_end_dragon, layout_gridlike,
          hangedman_lair_tendril_chambers, slime_altar_1, uniq_snorg
Swamp:1:  layout_basic_swamp, nicolae_swamp_godswood, uniq_jorgrun, uniq_donald
Swamp:2:  layout_basic_swamp, hangedman_swamp_lotus, uniq_louise
Spider:1: spiders_nest_scorpion_pit
Orc:1:    layout_diamond_mine
Orc:2:    st_orc_rangers, layout_caves, serial_shops, shop, lightli_orcish_oven

Skill      XL: |  1  2  3  4  5  6  7  8  9 10 11 12 13 14 15 16 |
---------------+-------------------------------------------------+-----
Maces & Flails | 3 4 5 6 8 10 11 13 14 16 | 16.0
Fighting       | 4 5 6 8 9 10 12 13 14 16 | 16.6
Shields        | 4 5 6 8 9 10 12 13 14 15 | 15.0
Armour         | 7 10 | 10.1
Dodging        | 4 6 |  6.8

Action                   |  1- 3 |  4- 6 |  7- 9 | 10-12 | 13-15 | 16-18 || total
-------------------------+-------+-------+-------+-------+-------+-------++-------
Melee: Flail             |   130 |   247 |   444 |    85 |     5 |       ||   911
       Morningstar       |       |       |       |   704 |  1521 |   273 ||  2498
Invok: Potion Petition   |       |       |       |       |     5 |     3 ||     8
 Abil: Fly               |       |       |       |       |     1 |     1 ||     2
       Stop Flying       |       |       |       |       |     1 |       ||     1
Evoke: Wand              |       |     1 |       |       |       |       ||     1
  Use: Potion            |       |     1 |       |     2 |    10 |     2 ||    15
       Scroll            |       |       |    16 |     3 |    15 |     1 ||    35
 Stab: Distracted        |       |       |       |     3 |     4 |     2 ||     9
       Invisible         |       |       |       |       |     4 |       ||     4
  Eat: Chunk             |       |     6 |     3 |       |       |       ||     9
       Ration            |       |       |     3 |     7 |    10 |     2 ||    22
Armor: Scale mail        |    78 |   110 |       |       |       |       ||   188
       Plate armour      |       |    49 |   248 |   473 |   776 |   210 ||  1756
Dodge: Dodged            |    43 |    59 |    52 |   109 |   236 |    92 ||   591
Block: Shield            |    79 |   156 |   223 |   456 |  1270 |   374 ||  2558
       Reflection        |       |       |       |       |    28 |     1 ||    29

Table legend:
 A = Non-vault XP
 B = Vault XP
 C = Vault XP percentage of total XP
 D = Non-vault monster count
 E = Vault monster count
 F = Vault count percentage of total count
                 A         B        C        D         E       F
            +---------+---------+-------+---------+---------+-------
      Total |   98990 |   51794 |  34.3 |     605 |     192 |  24.1
            +---------+---------+-------+---------+---------+-------
        D:1 |      36 |       0 |   0.0 |      21 |       0 |   0.0
        D:2 |     124 |       6 |   4.6 |      23 |       2 |   8.0
        D:3 |     152 |       0 |   0.0 |      36 |       0 |   0.0
        D:4 |     366 |       3 |   0.8 |      19 |       1 |   5.0
        D:5 |     891 |       0 |   0.0 |      20 |       0 |   0.0
        D:6 |     692 |       0 |   0.0 |      14 |       0 |   0.0
        D:7 |    1191 |     685 |  36.5 |      38 |       1 |   2.6
        D:8 |     989 |       0 |   0.0 |      22 |       0 |   0.0
        D:9 |    2133 |     170 |   7.4 |      38 |       2 |   5.0
       D:10 |    4229 |    5027 |  54.3 |      30 |      25 |  45.5
       D:11 |    3492 |       0 |   0.0 |      24 |       0 |   0.0
       D:12 |    5427 |     587 |   9.8 |      30 |      17 |  36.2
       D:13 |    5869 |    7473 |  56.0 |      27 |      12 |  30.8
       D:14 |   12327 |       0 |   0.0 |      40 |       0 |   0.0
       D:15 |   14358 |    1796 |  11.1 |      35 |       2 |   5.4
     Lair:1 |    2036 |    2079 |  50.5 |      12 |       8 |  40.0
     Lair:2 |    3682 |    3159 |  46.2 |      20 |      10 |  33.3
     Lair:3 |    4113 |       0 |   0.0 |      21 |       0 |   0.0
     Lair:4 |    4096 |       0 |   0.0 |      18 |       0 |   0.0
     Lair:5 |    4861 |    1676 |  25.6 |      13 |       4 |  23.5
     Lair:6 |    2597 |   15147 |  85.4 |      11 |      50 |  82.0
    Swamp:1 |    4213 |    3059 |  42.1 |      10 |       1 |   9.1
   Spider:1 |   15417 |    6412 |  29.4 |      41 |      12 |  22.6
      Orc:1 |    4739 |    1969 |  29.4 |      30 |      13 |  30.2
      Orc:2 |     960 |    2546 |  72.6 |      12 |      32 |  72.7
            +---------+---------+-------+---------+---------+-------
